[Event "*** Titled Tuesday Blitz"]
[Site "Chess.com"]
[Date "2021.02.09"]
[Round "11"]
[White "soumeow"]
[Black "MuhittinBuker"]
[Result "1-0"]
[WhiteElo "2218"]
[BlackElo "2059"]
[TimeControl "180+1"]
[EndTime "12:08:14 PST"]
[Termination "soumeow won on time"]

1. e4 e5 2. Nf3 Nc6 3. Bb5 Nf6 4. d3 Be7 5. O-O a6 6. Bxc6 dxc6 7. Nxe5 c5 8. h3 O-O 9. Be3 Re8 10. Nc3 Nd7 11. Nxd7 Bxd7 12. Nd5 Bd6 13. Qh5 g6 14. Qf3 Re6 15. Rae1 c6 16. Nc3 Re8 17. Qe2 b6 18. f4 Bf8 19. Qf2 Bg7 20. e5 Bf5 21. g4 Be6 22. f5 Bd5 23. e6 fxe6 24. f6 Rf8 25. g5 Bh8 26. Bf4 Rf7 27. Be5 a5 28. h4 a4 29. a3 Qf8 30. h5 b5 31. Qh4 b4 32. Ne2 c4 33. d4 c3 34. bxc3 bxa3 35.
Nf4 gxh5 36. Qxh5 a2 37. g6 hxg6 38. Nxg6 Rh7 39. Qxh7+ Kxh7 40. Nxf8+ Rxf8 41. Rf2 Kg8 42. Rh2 Kf7 43. Rh7+ Kg6 44. Rh2 Bxf6 45. Rf2 Bxe5 46. Rxf8 Bg3 47. Ra1 1-0

[Event "*** Titled Tuesday Blitz"]
[Site "Chess.com"]
[Date "2021.02.09"]
[Round "11"]
[White "bazar-wokzal"]
[Black "Vanina1989"]
[Result "0-1"]
[WhiteElo "2559"]
[BlackElo "2733"]
[TimeControl "180+1"]
[EndTime "12:08:16 PST"]
[Termination "Vanina1989 won by resignation"]

1. e4 c6 2. d4 d5 3. e5 Bf5 4. Nc3 e6 5. g4 Bg6 6. Nge2 Bb4 7. Be3 Be4 8. Rg1 Ne7 9. Nf4 Ng6 10. Nh5 O-O 11. f3 c5 12. fxe4 Nc6 13. exd5 exd5 14.
a3 cxd4 15. Bxd4 Nxd4 16. Qxd4 Ba5 17. O-O-O Bb6 18. Qb4 Bxg1 19. Nxd5 Qg5+ 20. Kb1 Qxe5 21. Bc4 Bxh2 22. Bb3 Kh8 23. Qxb7 a5 24. a4 Rab8 25.
Qa6 Qe4 26. Qc4 Qxc4 27. Bxc4 Ne5 28. Be2 Rfd8 29. c4 Nc6 30. Rf1 Be5 31. Bd3 Rxb2+ 32. Kc1 Rb7 33. g5 Nb4 34. Be4 Nxd5 35. Bxd5 Rc7 36. Kd2 Kg8 37. Ke3 Re8 38. Kd3 Rb8 39. Ke4 Bd6 40. Nf4 Re8+ 41. Kf3 Bc5 42. Kg4 Rce7 43. Rb1 g6 44. Rb5 Bb4 45. c5 Re1 46. c6 Rg1+ 47. Kf3 Rf1+ 48. Kg4 Bd6 49. Nh3 Re3 50. Rb7 Rg3+ 51. Kh4 Rd3 52. c7 Rd4+ 53. Nf4 Rfxf4+ 54. Kh3 Bxc7 55. Rxc7 Rxd5 0-1

[Event "*** Titled Tuesday Blitz"]
[Site "Chess.com"]
[Date "2021.02.09"]
[Round "11"]
[White "Dii210"]
[Black "Kobalia"]
[Result "0-1"]
[WhiteElo "2358"]
[BlackElo "2689"]
[TimeControl "180+1"]
[EndTime "12:08:18 PST"]
[Termination "Kobalia won by resignation"]

1. e4 c5 2. Nf3 e6 3. d4 cxd4 4. Nxd4 Nc6 5. Nb5 d6 6. c4 Nf6 7. N1c3 a6 8. Na3 b6 9. Be2 Bb7 10. Be3 Ne5 11. f3 Be7 12. O-O O-O 13. Rc1 Ned7 14.
Qd2 Qc7 15. Rfd1 Rfc8 16. Bf1 Qd8 17. Nc2 Qf8 18. Nd4 Rab8 19. Kh1 Ne5 20. b3 h5 21. Qf2 h4 22. Nc2 b5 23. cxb5 Rxc3 24. bxa6 Ba8 25. Bd4 Rcc8 26. Ne3 h3 27. a7 Rxc1 28.
axb8=Q Qxb8 29. Rxc1 hxg2+ 30. Bxg2 Nd3 31. Qc2 Nxc1 32.
Qxc1 d5 33. e5 Nh5 34. Ng4 Qb4 35. Bg1 Bb7 36. Qc7 Nf4 37. Qc2 d4 38. Nf2 Qc3 39.
Qd1 d3 40. Ne4 Bxe4 41. fxe4 Nxg2 42. Kxg2 d2 43. Kf1 Qd3+ 44. Kg2 Qxe4+ 45. Kf1 Qd3+ 46. Kg2 Bg5 47. Bf2 Qe4+ 48. Kf1 Qxe5 49. Bg3 Qe4 50.
a4 Qd3+ 51. Kg2 Qc3 52. Kf1 e5 53. Ke2 e4 54. Kf1 Qf3+ 0-1

[Event "*** Titled Tuesday Blitz"]
[Site "Chess.com"]
[Date "2021.02.09"]
[Round "11"]
[White "andy_rekt"]
[Black "DinaBelenkaya"]
[Result "1-0"]
[WhiteElo "2263"]
[BlackElo "2337"]
[TimeControl "180+1"]
[EndTime "12:08:19 PST"]
[Termination "andy_rekt won by checkmate"]

1. d4 d5 2. c4 dxc4 3. Nf3 Nf6 4. e3 a6 5. a4 e6 6. Bxc4 c5 7. O-O Nc6 8. Qe2 Qc7 9. Rd1 Bd6 10. dxc5 Bxc5 11. b3 O-O 12. Bb2 Ng4 13. Nbd2 b6 14.
Ne4 Nce5 15. h3 Nxf3+ 16. Qxf3 Qh2+ 17. Kf1 Ne5 18. Bxe5 Qxe5 19. Nxc5 Ra7 20. Nd3 Qh2 21. Qg3 Qxg3 22. fxg3 Bb7 23. Ne5 Be4 24. Rd7 Rxd7 25. Nxd7 Rd8 26. Nxb6 Rd2 27. Be2 Rb2 28. Rc1 g5 29. Rc3 Rb1+ 30. Kf2 Rb2 31. Nc4 Rb1 32. Bd3 Bxd3 33. Rxd3 Kg7 34. Ne5 Kf6 35. Ng4+ Kf5 36. Rc3 e5 37. e4+ Kxe4 38. Re3+ Kd4 39. Nxe5 Rb2+ 40. Kf3 f5 41. Nc4 Rb1 42. h4 g4+ 43.
Kf4 Rf1+ 44. Kg5 Rf2 45. Re7 Rxg2 46. Kxf5 Rxg3 47. Na5 Rg1 48. Re4+ Kc5 49. Rxg4 Rf1+ 50. Rf4 Rh1 51. b4+ Kb6 52. Nc4+ Kc7 53. Ne5 Ra1 54. Rc4+ Kd6 55. Rd4+ Ke7 56. Rd7+ Ke8 57. Ke6 h5 58.
Ra7 Kd8 59. Rxa6 Rh1 60. b5 Rxh4 61. b6 Rb4 62. Ra8# 1-0

[Event "*** Titled Tuesday Blitz"]
[Site "Chess.com"]
[Date "2021.02.09"]
[Round "11"]
[White "MaevskiyNikolay"]
[Black "InitiatingASC"]
[Result "0-1"]
[WhiteElo "2508"]
[BlackElo "2433"]
[TimeControl "180+1"]
[EndTime "12:08:20 PST"]
[Termination "InitiatingASC won by checkmate"]

1. d4 Nf6 2. c4 e6 3. g3 c5 4. d5 exd5 5. cxd5 d6 6. Bg2 g6 7.
Nc3 a6 8. a4 Bg7 9. Nf3 O-O 10. O-O Re8 11. Nd2 Nbd7 12. e4 Ne5 13. h3 g5 14. Re1 h6 15. Nf1 Nfd7 16. Ne3 c4 17. Nf5 Nc5 18. Nxg7 Kxg7 19. Be3 Ned3 20. Bd4+ Kg8 21. Re2 f5 22. Bxc5 Nxc5 23. exf5 Bxf5 24. Rxe8+ Qxe8 25. Qf3 Qe5 26. Rd1 Bd3 27. Bf1 Rf8 28. Qg2 Kg7 29. a5 Rf7 30. b4 Ne4 31. Nxe4 Bxe4 32.
Qh2 c3 33. f4 gxf4 34. gxf4 Qxf4 35. Qxf4 Rxf4 36. Rc1 c2 37. Bg2 Bxg2 38. Kxg2 Rc4 39. Kf3 Kf6 40. Ke3 Ke5 41. Kd3 Rc7 42. h4 Kxd5 43.
h5 Ke5 44. Kd2 Kd4 45. Rh1 c1=Q+ 46. Rxc1 Rxc1 47. Kxc1 Kc4 48. b5 Kxb5 49. Kb2 Kxa5 50. Kc3 Kb5 51. Kb3 Kc5 52. Kc3 Kd5 53. Kb3 Ke4 54.
Kc3 d5 55. Kd2 d4 56. Kd1 Kd3 57. Kc1 Ke2 58. Kb2 d3 59. Ka1 d2 60. Kb2 d1=Q 61.
Ka2 Qd5+ 62. Ka1 Qb5 63. Ka2 Kd2 64. Ka3 Kc2 65. Ka2 Qa4# 0-1

[Event "*** Titled Tuesday Blitz"]
[Site "Chess.com"]
[Date "2021.02.09"]
[Round "11"]
[White "noblerone"]
[Black "ARTHURMOTIVATOR"]
[Result "0-1"]
[WhiteElo "2395"]
[BlackElo "2316"]
[TimeControl "180+1"]
[EndTime "12:08:21 PST"]
[Termination "ARTHURMOTIVATOR won on time"]

1. d4 Nf6 2. Nf3 c5 3. c3 g6 4. Bg5 Bg7 5. Nbd2 O-O 6. e3 b6 7.
Bc4 Bb7 8. O-O d6 9. a4 a6 10.
Qe2 Nbd7 11. Bh4 Ra7 12. Rfe1 Qa8 13. Rec1 Re8 14. h3 e5 15. dxe5 Nxe5 16. Nxe5 dxe5 17. f3 e4 18. f4 Nd7 19. Rd1 Nb8 20. Nf1 Bc6 21. f5 Rd7 22. fxg6 hxg6 23. Qg4 Rxd1 24. Rxd1 b5 25. axb5 axb5 26. Bb3 c4 27. Bc2 Qa7 28. Ng3 Qxe3+ 29. Kh1 Nd7 30. Rxd7 Bxd7 31. Qxd7 Re6 32. Qd8+ Kh7 33. Qd1 b4 34. Nf1 Qf4 35. Bg3 Qg5 36.
cxb4 e3 37. Qe2 Bxb2 38. h4 Qf6 39. Kh2 Bd4 40. b5 Bb6 41. h5 Kg7 42. Kh3 g5 43. Kh2 Qh6 44. Qxc4 Qxh5+ 45. Kg1 e2+ 46. Bf2 exf1=Q+ 47. Qxf1 Rf6 48. Bxb6 Rxf1+ 49. Kxf1 Qh1+ 50. Kf2 Qh4+ 51. Kg1 Qc4 0-1

[Event "*** Titled Tuesday Blitz"]
[Site "Chess.com"]
[Date "2021.02.09"]
[Round "11"]
[White "Spartakus1975"]
[Black "woodhy"]
[Result "1-0"]
[WhiteElo "2578"]
[BlackElo "2459"]
[TimeControl "180+1"]
[EndTime "12:08:23 PST"]
[Termination "Spartakus1975 won by resignation"]

1. e4 e5 2. Nf3 Nc6 3. Bb5 Nf6 4. O-O a6 5. Bxc6 bxc6 6. Nxe5 Be7 7. d3 O-O 8. Nc3 Bb7 9. Nf3 d5 10. e5 Nd7 11. d4 c5 12. Re1 cxd4 13. Qxd4 c5 14. Qg4 Re8 15. e6 fxe6 16. Qxe6+ Kh8 17. Nxd5 Bxd5 18.
Qxd5 Bf6 19. Bg5 Qc7 20. Bxf6 Nxf6 21. Qc4 Qb6 22. Ng5 h6 23. Nf7+ Kh7 24. b3 Qa5 25. Ne5 Rad8 26. c3 Rd2 27. h3 Rxa2 28. Qd3+ Kg8 29.
Rad1 Qb6 30. b4 cxb4 31. Qc4+ Qe6 32. Qxb4 Qf5 33. Nf3 Rxe1+ 34. Rxe1 Qc2 35. Qc5 Ne4 36. Qd5+ Kh8 37. Qd8+ Kh7 38. Qd4 Nxf2 39. Nh4 Nxh3+ 40. Kh2 Ng5 41. Re7 Nf3+ 42. Kg3 Nxd4 43. cxd4 Qc3+ 44. Nf3 Qxd4 45. Nxd4 Ra3+ 46. Kf4 Ra4 47. Ke5 Ra2 48. g4 Ra1 49. Ne6 Re1+ 50. Kf4 Kh8 51. Re8+ Kh7 52. Nf8+ Kg8 53. Rxe1 Kxf8 54. Ra1 Kf7 55.
Rxa6 Kg8 56. Kf5 Kh7 57. Ra7 h5 58. g5 1-0

[Event "*** Titled Tuesday Blitz"]
[Site "Chess.com"]
[Date "2021.02.09"]
[Round "11"]
[White "VMikhalevski"]
[Black "goldihouse"]
[Result "1-0"]
[WhiteElo "2696"]
[BlackElo "2545"]
[TimeControl "180+1"]
[EndTime "12:08:27 PST"]
[Termination "VMikhalevski won on time"]

1. c4 Nf6 2. g3 e5 3. Bg2 h6 4.
Nc3 Bb4 5. Nd5 Nxd5 6. cxd5 O-O 7. e3 c6 8. Ne2 cxd5 9. Qb3 Nc6 10. Bxd5 Be7 11.
O-O d6 12. f4 Bf6 13. d3 Qe7 14. Bd2 Be6 15. Rac1 Rac8 16. f5 Bxd5 17. Qxd5 Qd7 18. g4 Ne7 19. Qb3 Bg5 20. Ng3 d5 21. Nh5 f6 22. Kg2 Kh7 23. Rcd1 d4 24. e4 Bxd2 25. Rxd2 Rc6 26. h4 Rb6 27. Qd1 Rc8 28. g5 fxg5 29. hxg5 hxg5 30. Qg4 Rh6 31. Qxg5 Ng8 32. Rf3 Nf6 33.
Rh3 Qf7 34. Ng3 Rh8 35. Rc2 Rd8 36. Rh4 Rh8 37. Kf3 Rd8 38. Rch2 Ng8 39. Qxd8 Nf6 40. Rxh6+ gxh6 41. Qd6 Qg7 42. Rh4 Ne8 43. Qg6+ Qxg6 44.
fxg6+ Kxg6 45. Rg4+ Kf7 46. Nh5 Ke6 47. Rg6+ Kf7 48. Rxh6 a5 49. Rh7+ Ke6 50. Rxb7 Kd6 51. Rb5 a4 52. Rd5+ Ke6 53. Ra5 Nd6 54. Rxa4 Nf7 55. Ra6+ Ke7 56. b4 Ng5+ 57. Kg4 Ne6 58. Rxe6+ Kxe6 59. a4 1-0

[Event "*** Titled Tuesday Blitz"]
[Site "Chess.com"]
[Date "2021.02.09"]
[Round "11"]
[White "rachidhuilda"]
[Black "manmanlai1"]
[Result "0-1"]
[WhiteElo "2314"]
[BlackElo "2477"]
[TimeControl "180+1"]
[EndTime "12:08:29 PST"]
[Termination "manmanlai1 won on time"]

1. d4 e6 2. Nf3 c5 3. e3 b6 4. b3 Bb7 5. Bb2 Nf6 6. Bd3 Nc6 7. O-O Be7 8. Nbd2 O-O 9. c4 Rc8 10. Rc1 d5 11. Qe2 cxd4 12. exd4 dxc4 13. bxc4 Re8 14. Rfd1 Qc7 15. Bb1 Qb8 16. Ne5 Nxe5 17. dxe5 Nd7 18.
Qd3 Nf8 19. Ne4 Bxe4 20. Qxe4 Red8 21. h4 Rxd1+ 22. Rxd1 Rd8 23. Rxd8 Qxd8 24. g3 Bc5 25. Qd3 Qc7 26. Kg2 g6 27. h5 Nd7 28. f4 Be7 29.
hxg6 hxg6 30. Bd4 Qc6+ 31. Kg1 Kg7 32. Bc2 Bc5 33. Bxc5 Nxc5 34. Qe3 Qd7 35. Kg2 a5 36.
g4 Qc6+ 37. Qf3 Qc7 38. Qe3 Qe7 39. Kg3 Qd8 40. f5 gxf5 41. gxf5 exf5 42. Bxf5 Qe7 43. Kg4 f6 44. exf6+ Qxf6 45. Qg5+ Kf7 46. Qxf6+ Kxf6 47. Kf4 Na4 48. Bc2 Nc3 49. a4 Ke6 50. Ke3 Kd6 51. Kd4 Na2 52. Kd3 Kc5 0-1

[Event "*** Titled Tuesday Blitz"]
[Site "Chess.com"]
[Date "2021.02.09"]
[Round "11"]
[White "rugbyclub"]
[Black "JoachimMouhamad"]
[Result "1/2-1/2"]
[WhiteElo "2298"]
[BlackElo "2369"]
[TimeControl "180+1"]
[EndTime "12:08:29 PST"]
[Termination "Game drawn by repetition"]

1. e4 e5 2. Nf3 Nc6 3. Bc4 Nf6 4. d4 exd4 5. e5 Ne4 6. Qe2 Nc5 7. O-O Ne6 8. c3 dxc3 9. Nxc3 Be7 10. Nd5 O-O 11. Qe4 d6 12. Rd1 dxe5 13. Nf6+ Bxf6 14. Rxd8 Rxd8 15. Be3 Ned4 16. Nxd4 Nxd4 17. h4 c6 18. g4 h6 19. g5 Bf5 20. Qg2 hxg5 21. hxg5 Be7 22.
g6 Be6 23. Bxe6 Nxe6 24. gxf7+ Kxf7 25. Qg4 Nd4 26. Qh5+ Ke6 27. Kg2 Bf6 28. Re1 c5 29. f4 Rd5 30. Qg4+ Nf5 31. fxe5 Rxe5 32. Bf2 Rxe1 33.
Bxe1 Rd8 34. Bc3 Rd5 35. Qe4+ Kd6 36. Bxf6 gxf6 37. Qe8 b6 38. Qb8+ Ke6 39. b3 Rd2+ 40. Kf3 Rxa2 41. Qc8+ Ke5 42. Qc7+ Nd6 43. Qe7+ Kd5 44.
Qxf6 Ra3 45. Qg5+ Kc6 46. Qd8 Rxb3+ 47. Ke2 Rb4 48. Qa8+ Kb5 49. Qxa7 Nc4 50. Qd7+ Ka5 51. Kd3 Nb2+ 52. Kc2 Na4 53. Qa7+ Kb5 54. Qd7+ Kc4 55.
Qg4+ Kb5 56. Qd7+ Ka6 57. Qc8+ Ka7 58. Qc7+ Ka6 59. Qc8+ Kb5 60. Qd7+ 1/2-1/2

[Event "*** Titled Tuesday Blitz"]
[Site "Chess.com"]
[Date "2021.02.09"]
[Round "11"]
[White "Grimlock_Glasgow"]
[Black "mbojan"]
[Result "0-1"]
[WhiteElo "2473"]
[BlackElo "2618"]
[TimeControl "180+1"]
[EndTime "12:08:30 PST"]
[Termination "mbojan won on time"]

1. e4 c6 2. d4 d5 3. exd5 cxd5 4.
Nf3 Nc6 5. Ne5 Nxe5 6. dxe5 e6 7.
Bd3 Ne7 8. O-O Nc6 9. Re1 Bd7 10. Nd2 Qc7 11. Nf3 Nb4 12. Be3 Rc8 13. c3 Nxd3 14.
Qxd3 a6 15. h4 Qc4 16. Qd2 Qg4 17. Bd4 Be7 18. Re3 h5 19. g3 Qf5 20. Rae1 Ba4 21. b3 Bb5 22. a4 Bc6 23. Nh2 Rh6 24. Rf3 Qh7 25. Qf4 Qg8 26. Nf1 g5 27. Qd2 Rg6 28.
hxg5 Bxg5 29. Be3 Be7 30. Bd4 h4 31. Kg2 Kd7 32. Ne3 hxg3 33. Rxg3 Rxg3+ 34. fxg3 Qg6 35. Qf2 Rg8 36. Rh1 Qe4+ 37. Qf3 Qg6 38. Kf2 Rg7 39.
g4 Qd3 40. Qe2 Qe4 41. Qf3 Qd3 42. Qe2 Qg6 43. Qf3 Bg5 44. Ke2 Rh7 45. Rxh7 Qxh7 46. Kd2 Qh2+ 47. Kc1 Ke8 48. Kb1 Qd2 49. Qh3 Qd3+ 50.
Kb2 Qd2+ 51. Nc2 Qf4 52. Qh8+ Kd7 53. Be3 Qxe3 0-1

[Event "*** Titled Tuesday Blitz"]
[Site "Chess.com"]
[Date "2021.02.09"]
[Round "11"]
[White "Dahamdi_Sanudula"]
[Black "canary2016"]
[Result "1-0"]
[WhiteElo "1799"]
[BlackElo "1973"]
[TimeControl "180+1"]
[EndTime "12:08:31 PST"]
[Termination "Dahamdi_Sanudula won by checkmate"]

1. d4 d5 2. e3 Nf6 3. Bd3 c6 4. f4 Bg4 5. Nf3 e6 6. O-O Nbd7 7. Nbd2 Bd6 8. c3 O-O 9. Qe1 Bxf3 10. Nxf3 c5 11. Ne5 Rc8 12. Rf3 a6 13. Rh3 b5 14.
Qe2 h6 15. g4 c4 16. Bc2 b4 17. g5 hxg5 18. fxg5 Bxe5 19. gxf6 Nxf6 20. dxe5 Ne4 21.
Qh5 Qg5+ 22. Qxg5 Nxg5 23. Rh5 f6 24. exf6 gxf6 25. Kf2 bxc3 26. bxc3 Rf7 27. Bd2 Rg7 28. Rb1 a5 29. a4 Rcc7 30. Rb8+ Kf7 31. Rhh8 f5 32.
Rhf8+ Kg6 33. h4 Ne4+ 34. Bxe4 fxe4 35. Ra8 Ra7 36. Rg8 Rxg8 37. Rxa7 Rf8+ 38. Ke2 Rh8 39. Be1 Kf5 40. Rxa5 Rg8 41. Ra7 Rg2+ 42. Bf2 Rg4 43. Rf7+ Kg6 44. Re7 Kf6 45. Rb7 Rg8 46. a5 Ra8 47.
Rb5 Ra6 48. Bg3 Kf5 49. Bc7 Rc6 50. Bb6 Rc8 51. a6 Kg4 52. a7 Kxh4 53. Bd4 Ra8 54. Rb8 Rxa7 55. Bxa7 Kg5 56. Bd4 Kf5 57. Re8 Kg4 58.
Rxe6 Kf5 59. Re5+ Kg4 60. Rxd5 Kg3 61. Rc5 Kg2 62. Rxc4 Kg1 63. Rc5 Kh1 64. Rf5 Kh2 65.
Kf2 Kh1 66. Rh5# 1-0

[Event "*** Titled Tuesday Blitz"]
[Site "Chess.com"]
[Date "2021.02.09"]
[Round "11"]
[White "kirillshevchenko"]
[Black "Sibelephant"]
[Result "0-1"]
[WhiteElo "2825"]
[BlackElo "3022"]
[TimeControl "180+1"]
[EndTime "12:08:32 PST"]
[Termination "Sibelephant won on time"]

1. e4 d5 2. exd5 Qxd5 3. Nc3 Qd6 4. Nb5 Qb6 5. d4 c6 6. Na3 Be6 7. Nf3 Nf6 8. Bd3 Nbd7 9. O-O Bg4 10. Bf4 e6 11. Nc4 Qd8 12. h3 Bh5 13. Nd6+ Bxd6 14. Bxd6 Nb6 15. Ba3 Qd5 16. g4 Bg6 17. Ne5 O-O-O 18.
Bc5 Bxd3 19. Qxd3 h5 20. Bxb6 axb6 21. g5 Ne4 22. Nxf7 Nxg5 23. c4 Qf3 24. Qxf3 Nxf3+ 25. Kg2 Nh4+ 26. Kh2 Nf3+ 27. Kg3 Nd2 28. Rfe1 h4+ 29. Kg2 Nxc4 30. Nxh8 Rxh8 31. Rxe6 Nxb2 32. Rae1 Rd8 33. Re8 Nd3 34. Rxd8+ Kxd8 35. Re4 g5 36. Rg4 Nf4+ 37.
Kf3 Nxh3 38. Ke3 Ke7 39. d5 cxd5 40. Rb4 Nf4 41. Kf3 h3 42. Kg3 d4 43. Rxb6 d3 44.
Rxb7+ Kd6 45. a4 d2 46. Rb1 Ne2+ 47. Kxh3 Nc1 48. Rb8 Kc7 49. Rg8 d1=Q 50. Rxg5 Qf3+ 51. Rg3 Qxf2 52. a5 Qf5+ 53. Kh2 Qxa5 54. Rg2 Qe5+ 0-1

[Event "*** Titled Tuesday Blitz"]
[Site "Chess.com"]
[Date "2021.02.09"]
[Round "11"]
[White "ckgchess"]
[Black "erlesfar"]
[Result "1-0"]
[WhiteElo "2719"]
[BlackElo "2551"]
[TimeControl "180+1"]
[EndTime "12:08:34 PST"]
[Termination "ckgchess won by resignation"]

1. e4 d5 2. exd5 Qxd5 3. Nc3 Qa5 4. b4 Qxb4 5. Rb1 Qd6 6. Nf3 Nf6 7. d4 c6 8. Bc4 e6 9. O-O Be7 10. Re1 O-O 11. Bg5 Nbd7 12. Qe2 h6 13. Bh4 Nb6 14. Bd3 Nbd5 15. Nxd5 cxd5 16. Ne5 b6 17. Rb3 Bb7 18.
Bg3 Qd8 19. Bb5 Rc8 20. Bf4 Ne4 21. Rh3 Bg5 22. Bxg5 Qxg5 23. Bd3 Qd2 24. Qf1 Rc7 25. Rd1 Qg5 26. f4 Qf6 27. Qf3 Rfc8 28. g4 g5 29. f5 Rxc2 30. Bxc2 Rxc2 31. fxe6 Qxf3 32. Nxf3 fxe6 33. Rxh6 Ba6 34. Nxg5 Nxg5 35. Rg6+ Kf7 36. Rxg5 Rxa2 37. h4 Ra3 38. h5 Bd3 39. Rd2 Kf6 40. Re5 Be4 41. Rf2+ Ke7 42. Kh2 Ra1 43. Kg3 Rh1 44. Kf4 a5 45. Rb2 Rf1+ 46. Kg5 a4 47. Rxb6 a3 48. Ra6 Rf3 49. Rexe6+ Kd7 50. Red6+ Kc7 51.
Rf6 Rg3 52. Rf7+ Kb8 53. Re6 Rc3 54. Re8+ Rc8 55. Rxc8+ Kxc8 56. Ra7 1-0

[Event "*** Titled Tuesday Blitz"]
[Site "Chess.com"]
[Date "2021.02.09"]
[Round "11"]
[White "HouseOfDurin"]
[Black "Artem_Koval"]
[Result "1-0"]
[WhiteElo "2122"]
[BlackElo "2226"]
[TimeControl "180+1"]
[EndTime "12:08:35 PST"]
[Termination "HouseOfDurin won on time"]

1. d4 Nf6 2. Bg5 Ne4 3. h4 c5 4.
dxc5 Qa5+ 5. Nd2 h6 6. Be3 Nxc5 7. c3 Qc7 8. Bxc5 Qxc5 9. Nb3 Qc7 10. e4 Nc6 11. Nf3 e6 12. Qd2 d6 13. O-O-O Be7 14. Kb1 a5 15. g4 a4 16. Nbd4 Bd7 17. Nb5 Qb6 18. Nxd6+ Bxd6 19. Qxd6 Rd8 20. Qa3 Qxf2 21. Nd4 Nxd4 22. cxd4 Rc8 23. Bd3 Qxd4 24. Bc2 Qc5 25.
Bxa4 b5 26. Qxc5 Rxc5 27. Bb3 Bc6 28. Rd4 Ke7 29. Rhd1 Re5 30. Bc2 Rc8 31. Rb4 Rd8 32. Rxd8 Kxd8 33. a4 Kc7 34. axb5 Bxb5 35. b3 Rc5 36.
Kb2 g5 37. h5 Be2 38. Ra4 Rb5 39. e5 Rb6 40. Bh7 Kc6 41. Bg8 Rb7 42. Re4 Bf3 43. Rc4+ Kd5 44. Rc3 Bxg4 45. Bh7 Bxh5 46. Rc4 Rd7 47.
Kc3 Kxe5 48. b4 Bg6 49. Bxg6 fxg6 50. b5 h5 51. b6 Kd6 52. Kb4 Rb7 53. Kb5 e5 54. Rc6+ 1-0

[Event "*** Titled Tuesday Blitz"]
[Site "Chess.com"]
[Date "2021.02.09"]
[Round "11"]
[White "sara_khm"]
[Black "Angel_Hranitel_37"]
[Result "1/2-1/2"]
[WhiteElo "2703"]
[BlackElo "2521"]
[TimeControl "180+1"]
[EndTime "12:08:36 PST"]
[Termination "Game drawn by stalemate"]

1. d4 Nf6 2. c4 g6 3. g3 Bg7 4. Bg2 O-O 5. Nc3 d6 6. Nf3 Nc6 7. O-O Bf5 8. d5 Na5 9. Nh4 Bd7 10. b3 c5 11. Bd2 a6 12. Rc1 b5 13. Qe1 bxc4 14.
Nd1 c3 15. Nxc3 Nb7 16. e4 Ng4 17. Qe2 c4 18. bxc4 Nc5 19. f4 Qb6 20. Kh1 Qb2 21.
h3 Nf6 22. e5 Nh5 23. Kh2 dxe5 24. fxe5 Bxe5 25. Qxe5 Qxd2 26. Qxe7 Qd3 27. Rf3 Qxc4 28. Ne2 Qe4 29. Re3 Qxe7 30. Rxe7 Rfe8 31. d6 Rac8 32. Rxe8+ Bxe8 33. Nd4 Nf6 34. Nb3 Nfd7 35. Nf3 Rc6 36. Ne5 Rxd6 37. Rxc5 Nxc5 38. Nxc5 Kg7 39. Ned3 Rd4 40. a4 Rd8 41. Kg1 Rd4 42. Kf2 Bxa4 43.
Ke3 Rc4 44. Bd5 Rb4 45. Nxb4 Bb5 46. Nbxa6 Bf1 47. Nb4 Bxh3 48. Nc6 h5 49. Nd4 g5 50. Ne4 h4 51. Nxg5 hxg3 52. Nxh3 g2 53. Kf2 Kf6 54. Bxg2 Ke5 55. Nf3+ Kf6 56. Nhg5 Kg6 57. Ne4 f6 58. Ng3 Kh6 59. Bh3 Kg6 60. Bf5+ Kh6 61.
Nh4 Kg7 62. Kf3 Kh6 63. Kg4 Kg7 64. Nh5+ Kh6 65. Nf3 1/2-1/2

[Event "*** Titled Tuesday Blitz"]
[Site "Chess.com"]
[Date "2021.02.09"]
[Round "11"]
[White "Azde"]
[Black "Grandmaster2B"]
[Result "0-1"]
[WhiteElo "2348"]
[BlackElo "2515"]
[TimeControl "180+1"]
[EndTime "12:08:42 PST"]
[Termination "Grandmaster2B won on time"]

1. d4 Nf6 2. c4 e6 3. Nf3 Bb4+ 4. Bd2 a5 5. g3 d6 6. Bg2 Nbd7 7. O-O e5 8. Be3 exd4 9. Nxd4 O-O 10. Qc2 Re8 11.
Bg5 h6 12. Bc1 a4 13. Nc3 Nb6 14. Nd5 Bc5 15. Rd1 c6 16. Ne3 Qc7 17. Rb1 Bxd4 18. Rxd4 Be6 19. b3 axb3 20. axb3 Rac8 21. Bb2 d5 22. c5 Nbd7 23. b4 b6 24. Rf4 bxc5 25. bxc5 Rb8 26. Bxf6 Nxf6 27. Rfb4 Nd7 28. Bf3 Rxb4 29.
Rxb4 Qa7 30. Rb3 Rb8 31. Rxb8+ Qxb8 32. Bg4 Bxg4 33. Nxg4 Qf8 34. Qf5 Nxc5 35. h4 Ne4 36. h5 Qe8 37. Kg2 Qe6 38. Qf4 c5 39. f3 Nd6 40.
Qd2 Nc4 41. Qd3 Ne5 42. Nxe5 Qxe5 43. Qb5 c4 44. Kf2 Qd4+ 45. Kf1 Qd1+ 46. Kf2 Qd4+ 47. Kf1 c3 48. Qe8+ Kh7 49. Qc8 Qf6 50. g4 d4 51. Qc4 g6 52. hxg6+ Kxg6 53. Kg2 Qe5 54. Qd3+ f5 55. gxf5+ Kg5 56. e4 dxe3 57. f6 Kxf6 58. f4 Qxf4 59. Qxc3+ Qe5 60. Qd3 Qg5+ 61. Kf1 Qf5+ 62.
Ke2 Qxd3+ 63. Ke1 Qd2+ 0-1

[Event "*** Titled Tuesday Blitz"]
[Site "Chess.com"]
[Date "2021.02.09"]
[Round "11"]
[White "Volodar_Murzin"]
[Black "Zhigalko_Sergei"]
[Result "0-1"]
[WhiteElo "2648"]
[BlackElo "2893"]
[TimeControl "180+1"]
[EndTime "12:08:45 PST"]
[Termination "Zhigalko_Sergei won on time"]

1. e4 c5 2. Nf3 Nc6 3. Bb5 Nf6 4. Bxc6 dxc6 5. d3 Bg4 6. Nbd2 Nd7 7. h3 Bh5 8. O-O e5 9. a4 Bd6 10. Nc4 Bc7 11. Be3 Qe7 12. a5 f6 13. g4 Bf7 14.
Nh4 g6 15. Ng2 h5 16. b3 O-O-O 17. f4 hxg4 18. hxg4 Bxc4 19. bxc4 exf4 20. Bxf4 Ne5 21. Kf2 Nxc4 22. Rh1 Ne5 23. a6 b6 24. Qe2 Qe6 25.
Bxe5 Bxe5 26. Raf1 Bd4+ 27. Kf3 Qd6 28. Nf4 g5 29.
Nh5 c4 30. Ng3 Rxh1 31. Rxh1 cxd3 32. cxd3 Be5 33. Nf5 Qa3 34. Kg2 Qxa6 35. Rh3 Kb8 36. Qc2 Qb5 37. Rf3 a5 38. Qf2 c5 39. Ne7 Qd7 40. Nd5 Bd4 41. Qg3+ Be5 42. Qh3 Qd6 43. Qh7 Qd7 44. Qh6 a4 45. Kh3 a3 46. Rf2 Qc6 47.
Qg7 Qd7 48. Qh6 Kb7 49. Ra2 Bb2 50. Qg6 Qe6 51. Qh7+ Rd7 52. Qh6 Rxd5 53. exd5 Qxd5 54. Qh7+ Kc6 55. Qe4 Qxe4 56. dxe4 b5 57. e5 fxe5 58. Kg3 b4 59. Kf3 b3 0-1

[Event "*** Titled Tuesday Blitz"]
[Site "Chess.com"]
[Date "2021.02.09"]
[Round "11"]
[White "MF1966Idrisov"]
[Black "Kale36"]
[Result "1/2-1/2"]
[WhiteElo "2374"]
[BlackElo "2243"]
[TimeControl "180+1"]
[EndTime "12:08:45 PST"]
[Termination "Game drawn - insufficient material"]

1. Nf3 Nc6 2. d4 d6 3. h3 g6 4. b3 Bg7 5. Bb2 e5 6. dxe5 Nxe5 7. Nxe5 Bxe5 8. Bxe5 dxe5 9. Qxd8+ Kxd8 10. c4 Ke7 11. Nc3 c6 12. O-O-O Be6 13. g4 Nf6 14. Bg2 Rad8 15. e3 Rxd1+ 16. Rxd1 Rd8 17. Rxd8 Kxd8 18.
g5 Nd7 19. Ne4 Ke7 20. Kd2 Bf5 21. Ng3 Bb1 22. a3 f5 23. gxf6+ Nxf6 24. Kc3 Bf5 25. b4 Bd7 26. a4 h5 27. b5 h4 28. Ne2 Nh7 29. Ng1 Ng5 30. Kd3 cxb5 31. axb5 b6 32. f4 exf4 33. exf4 Ne6 34. Ke4 Kf6 35. Nf3 Nc5+ 36. Ke3 Be6 37. Bf1 a5 38. bxa6 Nxa6 39. Nxh4 Nb4 40. Nf3 Nc2+ 41. Kd2 Na3 42. Kc3 Nxc4 43. Bxc4 Bxh3 44. Nd4 g5 45. fxg5+ Kxg5 46. Kb4 Bd7 47. Bd5 Kf4 48. Ne2+ Ke5 49. Nc3 Kd4 50.
Bg2 Ke5 51. Kc4 Kd6 52. Kd4 Bc6 53. Bf1 b5 54. Na2 Bd5 55. Nc3 Bc4 56. Ne4+ Kc6 57. Bg2 Kb6 58. Nd6 Ka5 59. Kc5 Ka4 60. Nc8 Be2 61. Nb6+ Ka3 62. Nd5 Bc4 63. Nb4 Kb2 64. Bc6 Kc3 65. Na6 Kd2 66. Kb4 Ke3 67. Nc5 Kd4 68. Be8 Ke3 69. Bg6 Kd4 70. Nd7 Ke3 71. Nb6 Kd4 72. Nxc4 bxc4 73. Bh7 c3 74. Bc2 Ke3 75.
Kxc3 1/2-1/2

[Event "*** Titled Tuesday Blitz"]
[Site "Chess.com"]
[Date "2021.02.09"]
[Round "11"]
[White "GoltsevDmitry2000"]
[Black "elextranjero00"]
[Result "1-0"]
[WhiteElo "2735"]
[BlackElo "2601"]
[TimeControl "180+1"]
[EndTime "12:08:46 PST"]
[Termination "GoltsevDmitry2000 won by resignation"]

1. c4 Nf6 2. g3 e5 3. Nc3 d5 4.
cxd5 Nxd5 5. Bg2 Nb6 6. Nf3 Nc6 7. O-O Be7 8. d3 O-O 9. a3 Be6 10. b4 f6 11. Rb1 a5 12. b5 Nd4 13. e3 Nxf3+ 14. Bxf3 Qc8 15. Qc2 a4 16. d4 exd4 17.
exd4 Bf5 18. Be4 Bxe4 19. Nxe4 Rd8 20. Be3 Nd5 21. Qa2 Kh8 22. Rfc1 Qh3 23. Rc2 Qf5 24.
Nd2 Bxa3 25. Rc4 Bd6 26. Nf1 a3 27. Rb3 Qe6 28. Nd2 Nb6 29. Rc2 Re8 30. Nb1 f5 31. Nxa3 f4 32. Bc1 Qh3 33. Bd2 Re2 34. gxf4 Qe6 35.
Bc1 Re1+ 36. Kg2 Qe4+ 37. Rf3 h6 38. Qb3 Bxa3 39. Bxa3 Nd5 40. Bc1 Rf8 41. Qd3 Qxd3 42. Rxd3 Rxc1 43. Rxc1 Nxf4+ 44. Kg3 Nxd3 45. Rxc7 Rd8 46.
Rxb7 Rxd4 47. b6 Kh7 48. f3 Rb4 49. Rd7 Nc5 50. Rc7 Na4 51. b7 Rb6 52. Kf4 Kg6 53.
Ke5 Kg5 54. Rxg7+ Kh4 55. f4 Nc3 56. f5 Rb5+ 57. Kd4 Nd5 58. Rg8 Nf6 59. b8=Q Rxb8 60. Rxb8 Kg5 61. Rb5 1-0